 Dungeon Crawl Stone Soup version 0.17.1-2-g5865329 (webtiles) character file.

27 RedPan the Conjurer (level 3, 0/21 HPs)
             Began as an Octopode Conjurer on Jan 23, 2016.
             Succumbed to an adder's poison
             ... on level 2 of the Dungeon.
             The game lasted 00:03:47 (1453 turns).

RedPan the Conjurer (Octopode Conjurer)             Turns: 1453, Time: 00:03:47

Health: 0/21       AC:  1    Str: 12    XL:     3   Next: 10%
Magic:  7/7        EV: 12    Int: 23    God:
Gold:   96         SH:  0    Dex: 12    Spells: 1 memorised, 6 levels left

rFire  . . .     SeeInvis .     (no weapon)
rCold  . . .     Clarity  .     (no shield)
rNeg   . . .     SustAt   .     (helmet restricted)
rPois  .         Gourm    .     (no amulet)
rElec  .         Spirit   .     c - ring of wizardry
rCorr  .         Warding  .     i - ring of flight
rMut   .         Stasis   .     (no ring)
MR     .....                    (no ring)
Stlth  +++.......               (no ring)
                                (no ring)
                                (no ring)
                                (no ring)

@: mighty, brilliant, lethally poisoned (0 -> -4), very slightly contaminated,
not resistant to hostile enchantments, fairly stealthy
A: almost no armour, amphibious, 8 rings, constrict 8, camouflage 1, gelatinous
body 1
a: Evoke Flight


You were on level 2 of the Dungeon.
You were not hungry.

You visited 1 branch of the dungeon, and saw 2 of its levels.

You collected 96 gold pieces.

Inventory:

Missiles
 h - 3 silver tomahawks (quivered)
Jewellery
 c - a ring of wizardry (left tentacle)
 i - a ring of flight (right tentacle)
Scrolls
 e - a scroll of identify
 f - 2 scrolls of enchant weapon
 n - a scroll of fear
 o - a scroll of remove curse
Books
 a - a book of Conjurations

   Spells                             Type                      Level
   a - Magic Dart                     Conjuration                  1
   b - Searing Ray                    Conjuration                  2
   c - Dazzling Spray                 Conjuration/Hexes            3
   d - Fulminant Prism                Conjuration/Hexes            4
   e - Iskenderun's Mystic Blast      Conjuration                  4
   f - Iskenderun's Battlesphere      Conjuration/Charms           5
Comestibles
 b - a bread ration
 l - 2 meat rations
 m - 2 beef jerkies
 q - a chunk of flesh


   Skills:
 - Level 2.0 Dodging
 - Level 2.6 Stealth
 * Level 2.7 Spellcasting
 + Level 4.4 Conjurations


You had 6 spell levels left.
You knew the following spells:

 Your Spells              Type           Power        Failure   Level  Hunger
a - Magic Dart            Conj           ####         1%          1    None


Dungeon Overview and Level Annotations

Branches:
Dungeon (2/15)

Altars:


Innate Abilities, Weirdness & Mutations

You cannot wear most types of armour.
You are amphibious.
You can wear up to eight rings at the same time.
You can use your tentacles to constrict eight enemies at once.
Your skin changes colour to match your surroundings (Stealth).
Your rubbery body absorbs attacks (AC +1).


Message History

You assume a fearsome visage.
Nothing appears to happen.
It was a scroll of fear.
* * * LOW HITPOINT WARNING * * *
You feel sick.
Read which item? (? for menu, Esc to quit)
As you read the scroll labeled OHU HEAF ZIRGH, it crumbles to dust.
You feel blessed for a moment.
It was a scroll of remove curse.
Read which item? (? for menu, Esc to quit)
Blink to where?
Press: ? - help, Dir - move target cursor You are very lightly contaminated with residual magic.
As you read the scroll labeled KETAOJA HECVONT, it crumbles to dust.
It was a scroll of blinking.
You open the door.
* * * LOW HITPOINT WARNING * * *
You feel sick.
There is an open door here.
* * * LOW HITPOINT WARNING * * *
You feel sick.
You die...

. .8.. $ h .8...##
# .8...# ### ..#.#
.. ...#
######+####. ..#
#........... #.#
#........... #@#
#...........
#.#####...........
#.....'....(......
#######...........
########.#.# #.#..
#.#.# #.#.# #.#.#


There were no monsters in sight!

Vanquished Creatures
  An adder (D:2)
  4 bats
  A giant cockroach (D:1)
  2 goblins
  3 hobgoblins (D:1)
  A jackal (D:2)
  2 kobolds (D:1)
  6 rats (D:1)
20 creatures vanquished.

Notes
Turn   | Place    | Note
--------------------------------------------------------------
     0 | D:1      | RedPan the Octopode Conjurer began the quest for the Orb.
     0 | D:1      | Reached XP level 1. HP: 11/11 MP: 3/3
   387 | D:1      | Reached XP level 2. HP: 4/17 MP: 1/5
  1429 | D:2      | Reached XP level 3. HP: 9/21 MP: 5/7
  1445 | D:2      | HP: 1/21 [poisoned by an adder]
  1453 | D:2      | Succumbed to an adder's poison

Action                   || total
-------------------------++-------
Melee: Unarmed           ||    45
 Cast: Magic Dart        ||    10
  Use: Scroll            ||     6
       Potion            ||     2
 Stab: Sleeping          ||     8
  Eat: Chunk             ||     2
